 Dungeon Crawl Stone Soup version 0.30-a0-1116-gebefce21f7 (webtiles) character file.

Game seed: 14438206677748980291

212 sircluck the Chopper (level 5, 0/47 HPs)
             Began as a Hill Orc Fighter on Apr 21, 2023.
             Slain by a quasit (1 damage)
             ... summoned by Eustachio
             ... on level 4 of the Dungeon.
             The game lasted 00:05:11 (3188 turns).

sircluck the Chopper (Hill Orc Fighter)             Turns: 3188, Time: 00:05:11

Health: 0/47       AC:  8    Str: 19 (21) XL:     5   Next: 90%
Magic:  5/5        EV:  9    Int:  7 (8)  God:
Gold:   296        SH:  4    Dex:  7 (10) Spells: 4/4 levels left

rFire   + . .      SeeInvis .    a - +0 war axe
rCold   + . .      Faith    .    c - +0 buckler
rNeg    . . .      Spirit   .    b - +0 scale mail
rPois   .          Reflect  .    (no helmet)
rElec   .          Rampage  .    m - scarf {rC+ rF+}
rCorr   .                        (no gloves)
Will    .....                    e - +0 pair of boots Stlth
                                 (no amulet)
HPRegen 0.27/turn                f - ring of wizardry
MPRegen 0.09/turn                (no ring)

@: mighty
A: no striking features
a: no special abilities


You were on level 4 of the Dungeon.
You visited 1 branch of the dungeon, and saw 4 of its levels.

You collected 296 gold pieces.

Inventory:

Hand Weapons
 a - a +0 war axe (weapon)
 w - the +6 short sword of the Final Decision {venom, Str+3}
   (You found it on level 4 of the Dungeon)

   Str:       It affects your strength (+3).
Missiles
 g - 42 stones
 n - a throwing net (quivered)
Armour
 b - a +0 scale mail (worn)
 c - a +0 buckler (worn)
 e - a +0 pair of boots (worn)
 m - a scarf of resistance (worn)
Jewellery
 f - a ring of wizardry (left hand)
 r - a ring of protection from cold
 t - an amulet of the acrobat
Scrolls
 h - a scroll of magic mapping {unknown}
 l - 3 scrolls of vulnerability {unknown}
 q - 6 scrolls of identify {unknown}
 u - a scroll of amnesia {unknown}
 v - a scroll of noise {unknown}
Potions
 d - 2 potions of might
 i - a potion of magic {unknown}
 j - 2 potions of degeneration
 k - 3 potions of curing {unknown}
 o - a potion of ambrosia {unknown}
 p - 2 potions of haste {unknown}
 s - a potion of flight {unknown}


   Skills:
 + Level 4.7 Fighting
 + Level 5.5 Axes
 + Level 4.3 Armour
 + Level 0.4 Dodging
 + Level 3.9 Shields


You had 4 spell levels left.
You didn't know any spells.
Your spell library contained the following spells:

 Spells                   Type           Power      Damage    Failure   Level
 Slow                     Hex            0%         N/A       54%         1
 Poisonous Vapours        Pois/Air       0%         N/A       69%         2
 Confusing Touch          Hex            0%         N/A       88%         3
 Mephitic Cloud           Conj/Pois/Air  0%         N/A       88%         3
 Vampiric Draining        Necr           0%         2d6       88%         3
 Freezing Cloud           Conj/Ice/Air   0%         6-21      100%        5
 Summon Forest            Summ/Tloc      0%         N/A       100%        5
 Summon Mana Viper        Hex/Summ       0%         N/A       100%        5
 Summon Cactus Giant      Summ           0%         N/A       100%        6


Dungeon Overview and Level Annotations

Branches:
Dungeon (4/15)
 Temple: D:4-7

Altars:
Dithmenos
Fedhas
Okawaru

Annotations:
D:4 Eustachio


Message History

The quasit closely misses you. x2; Eustachio hits you with a +0 falchion.
You closely miss Eustachio. You barely miss the quasit.
The quasit barely misses you.
The quasit claws you but does no damage. x2
Eustachio hits you but does no damage. The quasit barely misses you.
The quasit closely misses you.
The quasit claws you but does no damage.
You feel very mighty all of a sudden.
The quasit bites you but does no damage.
The quasit misses you.
The quasit claws you but does no damage.
Eustachio barely misses you.
You barely miss Eustachio. You barely miss the quasit. The quasit misses you.
The quasit claws you but does no damage.
The quasit claws you. Eustachio hits you but does no damage.
The quasit bites you. You block the quasit's attack.
The quasit claws you but does no damage.
You completely miss Eustachio. You hit the quasit.
Eustachio hits you with a +0 falchion.
* * * LOW HITPOINT WARNING * * *
The quasit bites you but does no damage.
The quasit claws you but does no damage.
You block the quasit's attack. Eustachio hits you with a +0 falchion!
* * * LOW HITPOINT WARNING * * *
The quasit bites you.
* * * LOW HITPOINT WARNING * * *
The quasit barely misses you. x2
The quasit attacks as you move away! The quasit barely misses you.
The quasit claws you but does no damage.
The quasit barely misses you.
You closely miss Eustachio. You miss the quasit.
The quasit bites you but does no damage.
The quasit closely misses you.
The quasit claws you but does no damage.
Eustachio hits you with a +0 falchion.
* * * LOW HITPOINT WARNING * * *
The quasit bites you but does no damage.
The quasit claws you but does no damage.
The quasit claws you.
You die...

# #.# #.##..## #.#.#
#.#.## #.#.# #..##
.... ##...## #.##
##.....## #..##
##.......##
####...####.........##
#....@....'.........+.
#.##.@5#.##.........##
#.##..##.###.......##
#.##.## .# ##.....##
#.##.# .# ##...##
#.##.# .# ##'##
#.##.###.# #.#
#........# #.#
####.##### ##.##
#.#########...## #


You could see Eustachio and a quasit (summoned).

Vanquished Creatures
  2 iguanas
  4 gnolls (D:4)
  5 adders
  3 worms (D:2)
  3 dart slugs
  4 orcs (D:3)
  2 bats
  8 endoplasms
  A giant cockroach (D:3)
  2 hobgoblins (D:1)
  7 jackals
  5 kobolds
  A quokka (D:4)
  A ball python (D:2)
  2 frilled lizards (D:2)
  8 goblins
  3 rats
61 creatures vanquished.

Notes
Turn   | Place    | Note
-------+----------+-------------------------------------------
     0 | D:1      | sircluck the Hill Orc Fighter began the quest for the Orb.
     0 | D:1      | Reached XP level 1. HP: 19/19 MP: 1/1
   247 | D:1      | Found a faded altar of an unknown god.
   266 | D:1      | Reached XP level 2. HP: 27/27 MP: 2/2
   823 | D:2      | Reached skill level 3 in Axes
   875 | D:2      | Reached XP level 3. HP: 33/33 MP: 3/3
  1376 | D:3      | Reached skill level 4 in Axes
  1376 | D:3      | Reached XP level 4. HP: 34/40 MP: 4/4
  1992 | D:4      | Reached XP level 5. HP: 20/47 MP: 5/5
  2005 | D:4      | Reached skill level 5 in Axes
  2222 | D:4      | Identified the +6 short sword of the Final Decision {venom,
                  | Str+3}
  2424 | D:4      | Found an iron altar of Okawaru.
  2424 | D:4      | Noticed Eustachio
  2970 | D:4      | Found a shadowy altar of Dithmenos.
  2972 | D:4      | Found a blossoming altar of Fedhas.
  3188 | D:4      | HP: 1/47 [Eustachio/+0 falchion (4)]
  3188 | D:4      | Slain by a quasit

Illustrated notes

Levels and vault maps discovered:
D:1:      scummos_arrival_checkerplants, layout_basic,
          dreamdust_ecumenical_altar_statues
D:2:      layout_rooms
D:3:      layout_rooms
D:4:      kennysheep_big_flooded_room, layout_loops_corners,
          nicolae_overflow_hidden_temple, uniq_eustachio

Skill      XL: |  1  2  3  4  5 |
---------------+----------------+-----
Fighting       | 4 |  4.7
Axes           | 3 4 5 |  5.5
Armour         | 4 |  4.3
Dodging        | |  0.4
Shields        | |  3.9

Action                     |  1- 3 |  4- 6 || total
---------------------------+-------+-------++-------
  Melee: War axe           |    83 |   102 ||   185
    Use: Scroll            |     2 |     2 ||     4
         Potion            |     1 |     3 ||     4
 Armour: Scale mail        |    43 |    76 ||   119
  Dodge: Dodged            |    40 |    87 ||   127
  Block: Buckler           |    10 |    26 ||    36

Table legend: (Time is in decaauts)
 A = Elapsed time spent in this place.
 B = Non-inter-level travel time spent in this place.
 C = Inter-level travel time spent in this place.
 D = Time resting spent in this place.
 E = Time spent auto-exploring this place.
 F = Levels seen in this place.
 G = Mean time per level.
                   A        B        C        D        E       F      G
               +--------+--------+--------+--------+--------+-----+--------+
         Total |   3249 |   2944 |    305 |    200 |   2107 |   4 |  812.2 |
       Dungeon |   3249 |   2944 |    305 |    200 |   2107 |   4 |  812.2 |
               +--------+--------+--------+--------+--------+-----+--------+

Top non-repeatable levels by time:
     D:4: 1309 daAuts
     D:1: 799 daAuts
     D:3: 684 daAuts
     D:2: 455 daAuts
